 Dungeon Crawl Stone Soup version 0.31.0-7-gf635a9b802 (webtiles) character file.

Game seed: 3325745718478402131

9 SnakkuSnakku7 the Ducker (level 2, 23/25 HPs)
             Began as a Djinni Monk on Jan 23, 2024.
             Quit the game on level 1 of the Dungeon.
             The game lasted 00:00:28 (214 turns).

SnakkuSnakku7 the Ducker (Djinni Monk)               Turns: 214, Time: 00:00:29

Health: 23/25      AC:  2    Str: 10    XL:     2   Next: 20%
Gold:   67         EV: 13    Int: 11    God:
                   SH:  0    Dex: 15

rFire   + + .        a - +0 falchion
rCold   x . .        d - orb {light}
rNeg    . . .        b - +0 robe
rPois   ∞            (no helmet)
rElec   .            (no cloak)
rCorr   .            (no gloves)
SInv    .            (boots unavailable)
Will    .....        (no amulet)
Stlth   +            (no ring)
HPRegen 0.24/turn    (no ring)
MPRegen 0.00/turn

%: no passive effects
@: flying, glowing
A: sickness immunity, fire resistance 2, cold vulnerability 1, float, innate
caster, HP casting, extra vitality 1
a: no special abilities


You were on level 1 of the Dungeon.
You visited 1 branch of the dungeon, and saw 1 of its levels.

You collected 67 gold pieces.

Inventory:

Hand Weapons
 a - a +0 falchion (weapon)
Armour
 b - a +0 robe (worn)
 d - an orb of light (worn)
Potions
 c - a potion of ambrosia


   Skills:
 - Level 3.0 Fighting
 + Level 3.2 Long Blades
 - Level 3.2 Dodging You didn't know any spells. Your spell library was empty.

Dungeon Overview and Level Annotations

Branches:
Dungeon (1/15)

Altars:


Innate Abilities, Weirdness & Mutations

You are immune to sickness and miasma.
You are immune to poison.
Your flesh is very heat resistant. (rF++)
You are vulnerable to cold. (rC-)
You float through the air rather than walking.
You learn spells naturally, not from books.
Your magical power is your life essence.
You have superior vitality. (+4 MHP)


Message History

A bat is nearby!
The bat barely misses you. The bat barely misses you. The bat hits you.
You hit the bat.
You kill the bat!
You have reached level 2!
You now have 49 gold pieces (gained 12).
You see here a bat corpse.
Found a mace.
You now have 59 gold pieces (gained 10).
You now have 67 gold pieces (gained 8).
A goblin comes into view. It is wielding a +0 dagger.
The goblin shouts!
A bat comes into view.
The goblin barely misses you. The bat barely misses you.
You hit the goblin but do no damage. The bat hits you but does no damage.
A bat comes into view.
The goblin hits you with a +0 dagger.
The bat moves out of view.
You barely miss the goblin. The bat hits you. The goblin misses you.
The goblin hits you with a +0 dagger.
You slash the goblin!
You kill the goblin!
The bat barely misses you.
You see here a +0 dagger.
The bat hits you but does no damage. The bat barely misses you.
The bat closely misses you.
You hit the bat.
You kill the bat!
The bat misses you.
Found a stone staircase leading down.
The bat hits you but does no damage.
You see here a bat corpse.
The bat misses you.
You closely miss the bat. The bat completely misses you.
Found a stone staircase leading down.
The bat hits you but does no damage.
You slash the bat!
You kill the bat!
No target in view!
No target in view!
Are you sure you want to abandon this character and quit the game? (Confirm with "yes".)

###....##.##.#...#.........#
########.#...#.......##.....##
...............#...#.#####.##
######.#.#....#...##.# .#
#.#.##.#...#.....
#.......#...#.##
##...##...#....#
###.#...#...... #).†.@..#
#.#...#.# #.##.## .. .......
.>. #...##... ### ...## ...#
###.. >### ... .. ..#


There were no monsters in sight!

Vanquished Creatures
  3 bats (D:1)
  A hobgoblin (D:1)
  2 quokkas (D:1)
  A ball python (D:1)
  A frilled lizard (D:1)
  A goblin (D:1)
9 creatures vanquished.

Notes
Turn   | Place    | Note
-------+----------+-------------------------------------------
     0 | D:1      | SnakkuSnakku7 the Djinni Monk began the quest for the Orb.
     0 | D:1      | Reached XP level 1. HP: 20/20 MP: 0/0
   177 | D:1      | Reached XP level 2. HP: 24/25 MP: 0/0
   214 | D:1      | Quit the game

Illustrated notes

Levels and vault maps discovered:
D:1:      moated_graveyard_arrival, layout_rooms,
          hangedman_decor_clover_reticule

Skill      XL: |  1 |
---------------+----+-----
Long Blades    | 3 |  3.2
Fighting       | |  3.0
Dodging        | |  3.2

Action                     || total
---------------------------++-------
  Melee: Falchion          ||    29
 Armour: Robe              ||    22
  Dodge: Dodged            ||    35
